 Dungeon Crawl Stone Soup version 0.23-a0-378-gd7a6ca6 (webtiles) character file.

180 Azzok the Firebug (level 5, -3/38 HPs)
             Began as a Draconian Fire Elementalist on Oct 27, 2018.
             Slain by an iguana (9 damage)
             ... on level 3 of the Dungeon.
             The game lasted 00:03:23 (3140 turns).

Azzok the Firebug (Draconian Fire Elementalist)     Turns: 3140, Time: 00:03:24

Health: -3/38      AC:  5    Str: 10    XL:     5   Next: 33%
Magic:  0/8        EV: 14    Int: 17    God:
Gold:   194        SH:  2    Dex: 11    Spells: 4/8 levels left

rFire    . . .     SeeInvis .   i - +0 spear (pierce)
rCold    . . .     Gourm    .   (no shield)
rNeg     . . .     Faith    .   (armour unavailable)
rPois    .         Spirit   .   (helmet restricted)
rElec    .         Reflect  +   (no cloak)
rCorr    .         Harm     .   (no gloves)
MR       .....                  (no boots)
Stlth    ++........             j - +2 amulet of reflection
HPRegen  0.12/turn              o - +2 ring of evasion
MPRegen  0.11/turn              (no ring)

@: very slightly contaminated
A: unfitting armour, cold-blooded, AC +5
a: no special abilities


You were on level 3 of the Dungeon.
You were hungry.

You visited 1 branch of the dungeon, and saw 4 of its levels.

You collected 194 gold pieces.

Inventory:

Hand Weapons
 i - a +0 spear of piercing (weapon)
Jewellery
 j - a +2 amulet of reflection (around neck)
 o - a +2 ring of evasion (left hand)
Wands
 a - a wand of random effects (33)
 m - a wand of iceblast (5)
Scrolls
 f - a scroll of remove curse {unknown}
 h - 2 scrolls of enchant weapon {unknown}
 l - 3 scrolls of identify {unknown}
 n - a scroll of teleportation {unknown}
 p - a scroll of fog {unknown}
 q - a scroll of fear {unknown}
Potions
 c - a potion of invisibility {unknown}
 d - 3 potions of lignification {unknown}
 e - a potion of resistance {unknown}
 g - 2 potions of haste {unknown}
 k - a potion of brilliance {unknown}
Comestibles
 b - 6 rations


   Skills:
 - Level 1.7 Dodging
 - Level 1.7 Stealth
 - Level 2.0 Spellcasting
 + Level 3.7 Conjurations
 + Level 4.8 Fire Magic


You had 4 spell levels left.
You knew the following spells:

 Your Spells              Type           Power        Failure   Level  Hunger
a - Flame Tongue          Conj/Fire      ###..        3%          1    #......
b - Conjure Flame         Conj/Fire      ###.....     10%         3    ###....

Your spell library contained the following spells:

 Spells                   Type           Power        Failure   Level  Hunger
 Throw Flame              Conj/Fire      ###...       4%          2    ###....
 Inner Flame              Hex/Fire       #.......     22%         3    ###....
 Sticky Flame             Conj/Fire      ###.....     32%         4    #####..
 Fireball                 Conj/Fire      ###.......   67%         5    ######.


Dungeon Overview and Level Annotations

Branches:
Dungeon (4/15)
 Temple: D:4-7

Altars:
Yredelemnul


Innate Abilities, Weirdness & Mutations

Your plain brown scales are hard. (AC +5)
You cannot fit into any form of body armour.
You are cold-blooded and may be slowed by cold attacks.


Message History

Confirm with . or Enter, or press ? or * to list all spells.
Aiming: Flame Tongue (safe; 3% risk of failure)
Press: ? - help, Shift-Dir - straight line, f/p - iguana
Aim: an iguana (heavily wounded)
The flame tongue hits the iguana.
The iguana is almost dead.
* * * LOW MAGIC WARNING * * *
The iguana bites you. The orc misses you.
Casting: Flame Tongue (safe; 3% risk of failure)
Confirm with . or Enter, or press ? or * to list all spells.
You don't have enough magic to cast that spell.
You barely miss the iguana.
The iguana is almost dead.
The iguana bites you! You block the orc's attack.
You completely miss the iguana.
The iguana is almost dead.
The iguana bites you!
* * * LOW HITPOINT WARNING * * *
The orc misses you. The iguana bites you!
You die...

▒·▒▒·▒▒▒·▒▒▒··············▒
▒·▒▒·▒ ▒·▒ ▒·▒▒▒··▒▒▒▒▒····
▒·▒▒·▒▒▒·▒ ▒·▒▒▒··▒ ▒··▒▒
▒·▒···▒▒·▒▒▒······▒ ▒··▒
▒···▒······▒▒▒▒▒<·▒ ▒··▒
▒▒▒···▒▒·▒·▒▒▒▒▒··▒▒▒▒▒··▒
▒▒▒▒▒▒▒▒▒·····················▒▒
▒·········▒·▒·▒l▒▒▒···▒▒▒▒▒▒····
▒·▒▒▒▒▒▒····▒··@o·····▒ ▒▒▒▒▒
▒·▒ ▒▒····▒▒·▒▒▒···▒ ▒·▒
▒·············▒ ▒·▒
▒▒···▒▒·▒▒▒···▒
▒▒·▒▒▒▒▒▒▒▒▒·▒▒▒·▒ ▒···▒
···▒·······<·····▒▒▒···▒
▒····▒▒▒▒▒▒▒·(·········▒ ·····▒
▒·▒▒▒▒▒▒▒▒··▒ ▒··^·▒
▒·▒▒▒▒▒▒▒▒··▒


You could see an iguana and an orc.

Vanquished Creatures
  A crimson imp (D:3)
  An orc priest (D:3)
  4 gnolls
  2 adders (D:2)
  An adder skeleton (D:4)
  A worm (D:3)
  A dart slug (D:1)
  A leopard gecko (D:2)
  3 orcs (D:3)
  2 giant cockroaches
  7 goblins
  5 hobgoblins
  3 jackals (D:2)
  A quokka (D:2)
  2 ball pythons
  4 bats (D:1)
  2 frilled lizards
  7 kobolds
  3 rats
51 creatures vanquished.

Vanquished Creatures (others)
  A leopard gecko (D:2)
1 creature vanquished.

Grand Total: 52 creatures vanquished

Notes
Turn   | Place    | Note
-------+----------+-------------------------------------------
     0 | D:1      | Azzok the Draconian Fire Elementalist began the quest for
                  | the Orb.
     0 | D:1      | Reached XP level 1. HP: 14/14 MP: 3/3
   486 | D:1      | Reached XP level 2. HP: 17/20 MP: 0/5
  1249 | D:2      | Reached XP level 3. HP: 26/26 MP: 3/6
  1433 | D:1      | Reached skill level 4 in Fire Magic
  1596 | D:2      | Reached XP level 4. HP: 23/33 MP: 4/7
  1601 | D:2      | Learned a level 3 spell: Conjure Flame
  1914 | D:2      | Found a basalt altar of Yredelemnul.
  2435 | D:3      | Reached XP level 5. HP: 38/38 MP: 0/8
  3140 | D:3      | Slain by an iguana

Vault maps used:
D:1:      dpeg_chamrin_arrival_tetris
D:2:      old_standard_altar, lemuel_another_geyser
D:3:      first_ration
D:4:      cheibrodos_ashenzari_chains, minmay_cupped

Skill      XL: |  1  2  3  4 |
---------------+-------------+-----
Conjurations   | 2 3 |  3.7
Fire Magic     | 4 |  4.8
Dodging        | |  1.7
Stealth        | |  1.7
Spellcasting   | |  2.0

Action                   |  1- 3 |  4- 6 || total
-------------------------+-------+-------++-------
Melee: Unarmed           |     7 |       ||     7
       Tailslap          |     1 |     2 ||     3
       Spear             |       |    48 ||    48
 Cast: Flame Tongue      |    51 |    47 ||    98
 Stab: Sleeping          |       |     1 ||     1
  Eat: Chunk             |     3 |     5 ||     8
Armor: Skin              |     7 |    20 ||    27
Dodge: Dodged            |    23 |    34 ||    57
Block: Other             |       |     5 ||     5
       Reflection        |       |     1 ||     1

Table legend:
 A = Non-vault XP
 B = Vault XP
 C = Vault XP percentage of total XP
 D = Non-vault monster count
 E = Vault monster count
 F = Vault count percentage of total count
                 A         B        C        D         E       F
            +---------+---------+-------+---------+---------+-------
      Total |     258 |       0 |   0.0 |      51 |       0 |   0.0
            +---------+---------+-------+---------+---------+-------
        D:1 |      38 |       0 |   0.0 |      15 |       0 |   0.0
        D:2 |     104 |       0 |   0.0 |      25 |       0 |   0.0
        D:3 |     111 |       0 |   0.0 |      10 |       0 |   0.0
        D:4 |       5 |       0 |   0.0 |       1 |       0 |   0.0
            +---------+---------+-------+---------+---------+-------
